 Dungeon Crawl Stone Soup version 0.21-a0-260-g9b2435e (webtiles) character file.

11 zane53102 the Slasher (level 2, -1/24 HPs)
             Began as a Demigod Gladiator on Sept 6, 2017.
             Slain by a goblin
             ... wielding a +0 club
             ... led by Robin
              (4 damage)
             ... on level 2 of the Dungeon on Sept 7, 2017.
             The game lasted 00:04:27 (1764 turns).

zane53102 the Slasher (Demigod Gladiator)           Turns: 1764, Time: 00:04:32

Health: -1/24      AC:  4    Str: 17    XL:     2   Next: 3%
Magic:  4/4        EV: 13    Int: 12    God:
Gold:   11         SH:  0    Dex: 17    Spells: 1/1 levels left

rFire    . . .     SeeInvis .   a - +0 long sword
rCold    . . .     Gourm    .   (no shield)
rNeg     . . .     Faith    .   b - +0 leather armour
rPois    .         Spirit   .   c - +0 helmet
rElec    .         Reflect  .   (no cloak)
rCorr    .         Harm     .   (no gloves)
MR       .....                  (no boots)
Stlth    +.........             (no amulet)
HPRegen  0.08/turn              (no ring)
MPRegen  0.09/turn              (no ring)

@: starving
A: high mp 1
a: no special abilities


You were on level 2 of the Dungeon.
You were starving.

You visited 1 branch of the dungeon, and saw 2 of its levels.

You collected 11 gold pieces.

Inventory:

Hand Weapons
 a - a +0 long sword (weapon)
Missiles
 d - 3 throwing nets (quivered)
Armour
 b - a +0 leather armour (worn)
 c - a +0 helmet (worn)
Scrolls
 g - a scroll of magic mapping {unknown}
 h - a scroll of teleportation {unknown}
Potions
 e - 2 potions of heal wounds {unknown}
Comestibles
 f - a bread ration
 i - a meat ration


   Skills:
 + Level 1.8 Fighting
 + Level 3.0 Long Blades
 + Level 1.7 Throwing
 + Level 0.1 Armour
 + Level 2.9 Dodging


You had one spell level left.
You didn't know any spells.

Dungeon Overview and Level Annotations

Branches:
Dungeon (2/15)

Annotations:
D:2 Robin


Innate Abilities, Weirdness & Mutations

You have an increased reservoir of magic. (+10% MP)


Message History

The goblin hits you but does no damage. The goblin barely misses you.
The goblin completely misses you. The goblin hits you but does no damage.
The goblin hits you with a club.
The hobgoblin hits you but does no damage.
Level annotation: Robin Welcome back, zane53102 the Demigod Gladiator.
Press ? for a list of commands and other information.
You barely miss the goblin.
The goblin is moderately wounded.
The goblin hits you but does no damage. x2; The goblin misses you.
You riposte.
You closely miss the goblin. The goblin misses you.
The hobgoblin hits you but does no damage.
The goblin closely misses you.
You riposte.
You miss the goblin. You barely miss the hobgoblin.
The goblin barely misses you. x2
The goblin hits you with a club.
* * * LOW HITPOINT WARNING * * *
The goblin hits you but does no damage. The hobgoblin hits you.
* * * LOW HITPOINT WARNING * * *
The goblin hits you with a club.
You die...

#..####
#.....##
##.##..####
#...#...(#
###.####.#
#.. #.### #
##..
#...###.#
#...##g#g..#
###. #g@g#
#. ##gg..#
.[


gg....... .. .#g######. ..##..g. .. . .(. #. ..## # #### You could see Robin, 3
hobgoblins and 6 goblins.

Vanquished Creatures
  4 goblins
  3 hobgoblins (D:1)
  A kobold (D:1)
  A rat (D:2)
9 creatures vanquished.

Notes
Turn   | Place    | Note
-------+----------+-------------------------------------------
     0 | D:1      | zane53102 the Demigod Gladiator began the quest for the Orb.
     0 | D:1      | Reached XP level 1. HP: 17/17 MP: 3/3
  1635 | D:1      | Upgraded the game from 0.21-a0-258-g4c0eb85 to 0.21-a0-260-g9b2435e
  1758 | D:2      | Noticed Robin
  1762 | D:2      | Reached skill level 3 in Long Blades
  1762 | D:2      | Reached XP level 2. HP: 13/24 MP: 4/4
  1764 | D:2      | Slain by a goblin

Vault maps used:
D:1:      dpeg_arrival_morbid_curiosity, minmay_hexomino_u4
D:2:      kennysheep_the_goblin_king, uniq_robin, uniq_sigmund

Skill      XL: |  1 |
---------------+----+-----
Long Blades    | 3 |  3.0
Fighting       | |  1.8
Throwing       | |  1.7
Armour         | |  0.1
Dodging        | |  2.9

Action                   || total
-------------------------++-------
Melee: Long sword        ||    30
Armor: Leather armour    ||    22
Dodge: Dodged            ||    48
       Rpst.: Long sword ||    11

Table legend:
 A = Spawn XP
 B = Non-spawn XP
 C = Spawn XP percentage of total XP
 D = Spawn monster count
 E = Non-spawn monster count
 F = Spawn count percentage of total count
 G = Total turns spent on level
                    A         B        C        D         E        F      G
               +---------+---------+-------+---------+---------+-------+---------
         Total |       0 |      16 |   0.0 |       0 |       9 |   0.0 |  1764
               +---------+---------+-------+---------+---------+-------+---------
           D:1 |       0 |      11 |   0.0 |       0 |       6 |   0.0 |  1721
           D:2 |       0 |       5 |   0.0 |       0 |       3 |   0.0 |    43
               +---------+---------+-------+---------+---------+-------+---------
